 Dungeon Crawl Stone Soup version 0.27-a0-1090-gb115f176c6 (webtiles) character file.

Game seed: 6346729549210349272

134 derath95 the Conjurer (level 4, -3/24 HPs)
             Began as a Deep Elf Conjurer on Apr 27, 2021.
             Slain by Sigmund
             ... wielding a +0 scythe
              (10 damage)
             ... on level 3 of the Dungeon.
             The game lasted 00:08:25 (2195 turns).

derath95 the Conjurer (Deep Elf Conjurer)           Turns: 2195, Time: 00:08:25

Health: -3/24      AC:  4    Str:  4    XL:     4   Next: 95%
Magic:  7/12       EV: 12    Int: 24    God:
Gold:   88         SH:  0    Dex: 13    Spells: 8/11 levels left

rFire    + . .     SeeInvis .   (no weapon)
rCold    . . .     Faith    .   (no shield)
rNeg     . . .     Spirit   .   a - +0 robe
rPois    .         Reflect  .   h - +1 hat
rElec    .         Harm     .   n - +0 cloak
rCorr    .         Rampage  .   (no gloves)
Will     .....                  (no boots)
Stlth    ++........             (no amulet)
HPRegen  0.08/turn              d - ring of protection from fire
MPRegen  0.13/turn              (no ring)

@: no status effects
A: no striking features
a: no special abilities


You were on level 3 of the Dungeon.
You visited 1 branch of the dungeon, and saw 3 of its levels.

You collected 88 gold pieces.

Inventory:

Armour
 a - a +0 robe (worn)
 h - a +1 hat (worn)
 n - a +0 cloak (worn)
Jewellery
 d - a ring of protection from fire (left hand)
 l - a +6 ring of strength
Scrolls
 b - 3 scrolls of identify {unknown}
 g - 2 scrolls of fear {unknown}
Potions
 c - 2 potions of curing {unknown}
 e - a potion of heal wounds {unknown}
 f - a potion of resistance {unknown}
 i - a potion of invisibility {unknown}
 j - a potion of magic {unknown}
 k - a potion of flight {unknown}
 m - a potion of might {unknown}


   Skills:
 + Level 2.9 Dodging
 + Level 3.0 Stealth
 + Level 4.3 Spellcasting
 + Level 6.0 Conjurations


You had 8 spell levels left.
You knew the following spells:

 Your Spells              Type           Power      Damage    Failure   Level
a - Magic Dart            Conj           100%       1d8       1%          1
b - Searing Ray           Conj           68%        3d5       1%          2

Your spell library contained the following spells:

 Spells                   Type           Power      Damage    Failure   Level
 Dazzling Flash           Conj/Hex       38%        N/A       9%          3
 Fulminant Prism          Conj/Hex       9%         3d7       26%         4
 Iskenderun's Mystic Bla  Conj/Tloc      19%        2d6       26%         4


Dungeon Overview and Level Annotations

Branches:
Dungeon (3/15)

Altars:
Fedhas

Annotations:
D:3 Sigmund


Message History

The magic dart hits Sigmund.
Sigmund is lightly wounded.
Sigmund shouts!
Casting: Magic Dart (safe; 1% risk of failure)
Confirm with . or Enter, or press ? or * to list all spells.
Aiming: Searing Ray (safe; 1% risk of failure)
Press: ? - help, Shift-Dir - straight line, f/p - Sigmund
Aim: Sigmund, wielding a +0 scythe and wearing a +0 robe (lightly wounded, 78% to hit)
The searing ray misses Sigmund. (Press . to maintain the ray.) Sigmund hits you from afar with a +0 scythe.
The searing ray hits Sigmund!
Sigmund is moderately wounded.
Sigmund barely misses you.
The searing ray hits Sigmund!
Sigmund is severely wounded.
Sigmund hits you from afar with a +0 scythe!
The searing ray misses Sigmund.
You finish channeling your searing ray.
Sigmund casts a spell at you.
You are confused.
Sigmund misses you.
You're too confused to cast spells.
You're too confused to move!
Sigmund misses you.
You're too confused to cast spells.
Unknown command.
Sigmund says, "You will soon forget everything."
Sigmund hits you from afar with a +0 scythe.
You bump into the rock wall.
Sigmund points at himself and mumbles some strange words.
Sigmund flickers and vanishes!
Deactivating autopickup; reactivate with Ctrl-A.
You're too confused to cast spells.
Something hits you. Something hits you.
* * * LOW HITPOINT WARNING * * *
You're too confused to cast spells.
You closely miss something.
You feel less confused. Something hits you!
You die...

##### ##...##
#####.....## #
###..........# #.
#............# .####.#
#.#..........#
......{###.##.##..(..##
##....@......##....##
...#..(###.#####.#.##
##. #.##.# #.# #.#.#
... #.##.# #.#####.#.#
..# #.##.# #.......#.#
###.###.##'##
#########.#
........#...## #.#
####.####.....## ####.#
##.##.###.......##
##.##.#


There were no monsters in sight!

Vanquished Creatures
  A bullfrog zombie (D:2)
  Terence (D:2)
  2 adders (D:2)
  4 worms (D:2)
  A dart slug (D:2)
  4 ball pythons
  3 bats
  5 endoplasms
  2 giant cockroaches (D:1)
  4 goblins
  4 hobgoblins
  5 kobolds
  A quokka (D:2)
  A frilled lizard (D:1)
  6 rats
44 creatures vanquished.

Notes
Turn   | Place    | Note
-------+----------+-------------------------------------------
     0 | D:1      | derath95 the Deep Elf Conjurer began the quest for the Orb.
     0 | D:1      | Reached XP level 1. HP: 10/10 MP: 6/6
   168 | D:1      | Reached XP level 2. HP: 15/15 MP: 5/8
   645 | D:2      | Reached skill level 5 in Conjurations
   782 | D:2      | Reached XP level 3. HP: 16/19 MP: 6/10
   785 | D:2      | Learned a level 2 spell: Searing Ray
   899 | D:2      | Noticed Terence
   904 | D:2      | Killed Terence
  1034 | D:2      | Reached XP level 4. HP: 24/24 MP: 3/12
  1522 | D:2      | Reached skill level 6 in Conjurations
  1683 | D:2      | Found a faded altar of an unknown god.
  2019 | D:3      | Found a blossoming altar of Fedhas.
  2183 | D:3      | Noticed Sigmund
  2195 | D:3      | Slain by Sigmund

Illustrated notes

Levels and vault maps discovered:
D:1:      saegor_arrival_simple_e, layout_rooms, minmay_pentomino_z4
D:2:      layout_basic, basic_ecumenical_altar, grunt_ministairs_13,
          uniq_terence
D:3:      layout_loops_corners, overflow_temple_1_default, serial_shops, shop,
          uniq_sigmund

Skill      XL: |  1  2  3  4 |
---------------+-------------+-----
Conjurations   | 5 6 |  6.0
Spellcasting   | 4 |  4.3
Stealth        | 3 |  3.0
Dodging        | |  2.9

Action                   |  1- 3 |  4- 6 || total
-------------------------+-------+-------++-------
Melee: Unarmed           |     4 |     1 ||     5
 Cast: Magic Dart        |    49 |    37 ||    86
       Searing Ray       |     2 |     2 ||     4
Armor: Robe              |     1 |       ||     1
Dodge: Dodged            |     5 |     5 ||    10

Table legend: (Time is in decaauts)
 A = Elapsed time spent in this place.
 B = Non-inter-level travel time spent in this place.
 C = Inter-level travel time spent in this place.
 D = Time resting spent in this place.
 E = Time spent auto-exploring this place.
 F = Levels seen in this place.
 G = Mean time per level.
                   A        B        C        D        E       F      G
               +--------+--------+--------+--------+--------+-----+--------+
         Total |   2194 |   2194 |      0 |      0 |   1900 |   3 |  731.3 |
       Dungeon |   2194 |   2194 |      0 |      0 |   1900 |   3 |  731.3 |
               +--------+--------+--------+--------+--------+-----+--------+

Top non-repeatable levels by time:
     D:2: 1362 daAuts
     D:1: 625 daAuts
     D:3: 205 daAuts
